Zazza, neutral female human Tourist ------------ # |....I.....| ----- |..........| |....## #...........| ##..{.| # ###-.------|--- # |.<.| ### # # # # ### |..#| # ### ### # # -.--- ### # # # # # # --------- ### ### # # # ###-------------- |%(?!...| # # # # # #########.............| |!?(++)?| ### #### # # |............| |!)!%).$| # ### # # ##.............| |%==]...-### ########## # # -------------- --------- -----.--------######### ### |............|# -|-+- # |..........>.|# |...-#### |............|` |...| |.....^......-# |...| -------------- ----- # Zazza the Sightseer Experience level: 3 Strength: 11 Dexterity: 11 Constitution: 13 Intelligence: 15 Wisdom: 10 Charisma: 18 Health: 0(30) Energy: 15(15) Def: 2 Gold: 0 Moves: 3749 Dungeon seed: pjOBHC74UA5cPtPR Game ID: Zazza_1575277771 Your Inventory: Amulets B - an uncursed amulet versus poison (being worn) Weapons a - 37 +2 darts (in quiver) o - 11 +0 darts C - a blessed +0 silver saber (weapon in hand) G - a cursed +0 orcish dagger V - a cursed +0 elven dagger Armor e - an uncursed +0 Hawaiian shirt (being worn) q - an uncursed +0 orcish helm (being worn) z - a blessed +0 pair of elven boots (being worn) W - an uncursed +1 dwarvish cloak Comestibles b - an uncursed slime mold c - 3 uncursed tripe rations d - 6 uncursed food rations Q - an uncursed cream pie R - an uncursed cram ration Scrolls i - 2 uncursed scrolls of magic mapping l - an uncursed scroll of amnesia t - a blessed scroll of gold detection A - an uncursed scroll of stinking cloud D - 2 uncursed scrolls of enchant armor K - an uncursed scroll of identify M - an uncursed scroll of charging T - 2 uncursed scrolls of earth Potions m - an uncursed potion of restore ability u - an uncursed potion of confusion v - an uncursed potion of enlightenment Rings N - an uncursed ring of hunger S - an uncursed ring of slow digestion Wands U - a wand of cold (0:7) Tools j - an expensive camera (0:84) k - an uncursed credit card n - an uncursed tin opener L - an uncursed leash Gems r - an uncursed worthless piece of white glass y - 2 uncursed worthless pieces of black glass Y - 2 uncursed worthless pieces of blue glass Spells and supernatural/magical abilities: Name Level Category Fail Memory W - pray for help -- divine ? -- Your skills at the end: Fighting Skills Weapon Skills dart [Basic] Spellcasting Skills Final Attributes: You were piously aligned. You were poison resistant. You were telepathic. You were stealthy. You are dead. Vanquished creatures: 2 shriekers a little dog a floating eye a kitten a rabid rat 2 giant bats a monkey an acid blob a gas spore 2 hobbits a giant rat a yellow mold 2 red molds 12 jackals 4 foxes 2 kobolds 2 goblins 2 sewer rats 4 grid bugs 2 lichens 2 kobold zombies 3 newts 50 creatures vanquished. Voluntary challenges: You used a wielded weapon 10 times, starting on turn 2151. You read items or engraved 28 times, starting on turn 405. You never genocided any monsters. You never polymorphed an object. You never changed form. You used no wishes. You never split a pudding. You wrote Elbereth's name 19 times, starting on turn 1180. You never violated your personal moral code. Dungeon overview: The Dungeons of Doom: levels 1 to 6 Level 1 a long staircase Level 2 Level 3 Level 4 a general store, a fountain a long staircase Level 5 many fountains Level 6 <- You were here a general store, a fountain, a sink stairs to Sokoban Sokoban: Level 5 stairs to The Dungeons of Doom History has recorded: On T:1 you entered the Dungeons of Doom to retrieve the Amulet of Yendor! On T:420 you reached level 2 of The Dungeons of Doom. On T:866 you reached level 3 of The Dungeons of Doom. On T:1220 you reached level 4 of The Dungeons of Doom. On T:1644 you reached level 5 of The Dungeons of Doom. On T:2487 you reached level 6 of The Dungeons of Doom. On T:2568 you advanced to experience level 2. On T:3006 you reached level 4 of Sokoban. On T:3251 you advanced to experience level 3. Score breakdown: Gold: 0 ( 0 points) Experience: 3 levels ( 7878 points) Exploration: 6 levels ( 11.76%) ( 9486 points) Discoveries: 4 items ( 1.34%) ( 3475 points) Valuables value: (no points given unless you survive) Artifact value: 0 ( 0 points) Variety of kills: 22 monsters ( 5.77%) ( 7208 points) Turncount: 3749 turns ( -929 points) Survival: died (score multiplied by 80%) Total score: 21694 Latest messages: S - a gold ring. There are a few more objects here. a - 3 +2 darts (in quiver). The kitten eats a monkey corpse. With great effort you move the boulder. You displace your kitten. You hear some noises. You hear some noises in the distance. There are a few objects here. You miss the homunculus. The homunculus bites! You miss the homunculus. The homunculus bites! You are put to sleep! It bites! (4x) You have a sad feeling for a moment, then it passes. It bites! (4x) You wake up. The homunculus bites! You are put to sleep! It bites! You die... Final status: Aloha Zazza the Tourist, killed by a homunculus, while sleeping... You died in The Dungeons of Doom on dungeon level 6 with 21694 points, and 0 pieces of gold, after 3749 moves. You were level 3 with a maximum of 30 hit points when you died.